 Dungeon Crawl Stone Soup version 0.30.1-3-gfc49f6343a (webtiles) character file.

Game seed: 16297077818147200923

302260 Peloso the Hoplite (level 20, -6/292 HPs)
             Began as a Minotaur Fighter on Aug 4, 2023.
             Was the Champion of Okawaru.
             Mangled by an azure jelly (7 damage)
             ... created by the Royal Jelly
             ... on level 5 of the Pits of Slime on Aug 5, 2023.
             The game lasted 02:28:21 (57511 turns).

Peloso the Hoplite (Minotaur Fighter)              Turns: 57511, Time: 02:28:22

Health: -6/292     AC: 25    Str: 25    XL:     20   Next: 55%
Magic:  16/19      EV: 10    Int:  9    God:    Okawaru [******]
Gold:   2506       SH: 23    Dex:  8    Spells: 19/19 levels left

rFire   + + +        a - +4 scimitar (flame)
rCold   + . .        d - +2 tower shield {AC+3}
rNeg    . . .        n - +1 plate armour {Will+}
rPois   +            I - +1 hat
rElec   .            m - +2 cloak {rCorr}
rCorr   +            T - +1 pair of gloves of Wesas {Int+4 SInv}
SInv    +            y - +2 pair of boots of Valour {Dex+3 SInv}
Will    +++..        (no amulet) Stlth
                     C - +4 ring of protection
HPRegen 0.68/turn    N - ring "Qodufut" {rPois rF+++ rC+ Will+ Dex-4}
MPRegen 0.16/turn

%: no passive effects
@: mighty, berserking (expiring), corroded, hasted, invisible, unable to read,
very quick
A: horns 2, retaliatory headbutt, clumsy 2, deformed body, low MP 1, weak 1,
subdued magic 1, inability to read after injury 2
}: 1/15 runes: serpentine
a: Renounce Religion, Heroism, Finesse, Duel


You were on level 5 of the Pits of Slime.
You worshipped Okawaru.
Okawaru was exalted by your worship.
You visited 8 branches of the dungeon, and saw 39 of its levels.
You visited the Abyss 1 time.
You also visited: Ossuary.

You collected 3477 gold pieces.
You spent 971 gold pieces at shops.

Inventory:

Hand Weapons
 a - a +4 scimitar of flaming (weapon)
 b - a +5 scimitar of electrocution
Missiles
 r - a throwing net (quivered)
Armour
 d - a +2 tower shield of protection (worn)
 m - a +2 cloak of preservation (worn)
 n - a +1 plate armour of willpower (worn)
 y - the +2 pair of boots of Valour (worn) {Dex+3 SInv}
   (Okawaru gifted it to you on level 13 of the Dungeon)

   Dex:       It affects your dexterity (+3).
   SInv:      It lets you see invisible.
 I - a +1 hat (worn)
 T - the +1 pair of gloves of Wesas (worn) {Int+4 SInv}
   (You bought it in a shop on level 2 of the Orcish Mines)

   Int:       It affects your intelligence (+4).
   SInv:      It lets you see invisible.
Jewellery
 A - a ring of flight
 C - a +4 ring of protection (left hand)
 D - a +6 ring of strength
 J - a ring of resist corrosion
 N - the ring "Qodufut" (right hand) {rPois rF+++ rC+ Will+ Dex-4}
   (You found it on level 10 of the Dungeon)

   [ring of willpower]

   Dex:       It affects your dexterity (-4).
   rF:        It renders you almost immune to fire.
   rC:        It protects you from cold.
   rPois:     It protects you from poison.
   Will:      It increases your willpower.
 Y - a ring of protection from cold
Wands
 g - a wand of polymorph (5)
 l - a wand of roots (7)
 o - a wand of mindburst (9)
 q - a wand of flame (3)
 X - a wand of digging (4)
Scrolls
 i - 3 scrolls of enchant armour
 k - 9 scrolls of teleportation
 p - 8 scrolls of poison
 t - 4 scrolls of magic mapping
 x - 3 scrolls of blinking
 F - 4 scrolls of fear
 H - 19 scrolls of identify
 R - a scroll of immolation
Potions
 e - 13 potions of curing
 f - 8 potions of might
 h - 2 potions of berserk rage
 j - a potion of experience
 s - 7 potions of flight
 v - 4 potions of lignification
 z - 6 potions of invisibility
 B - 5 potions of mutation
 E - 6 potions of haste
 L - 2 potions of resistance
Miscellaneous
 V - a box of beasts


   Skills:
 + Level 20.6 Fighting
 + Level 21.4 Long Blades
 + Level 18.8 Armour
 + Level 9.6 Dodging
 + Level 3.5 Stealth
 + Level 23.3 Shields
 + Level 3.9 Invocations
 + Level 1.0 Evocations


You had 19 spell levels left.
You didn't know any spells.
Your spell library contained the following spells:

 Spells                   Type           Power      Damage    Failure   Level
 Apportation              Tloc           0%         N/A       95%         1
 Beastly Appendage        Tmut           0%         N/A       95%         1
 Freeze                   Ice            0%         1d3       95%         1
 Kiss of Death            Conj/Necr      0%         2d5       95%         1
 Magic Dart               Conj           0%         1d3       95%         1
 Necrotise                Necr           0%         1d4       95%         1
 Shock                    Conj/Air       0%         1d3       95%         1
 Cigotuvi's Dreadful Rot  Necr/Pois/Air  0%         N/A       99%         2
 Scorch                   Fire           0%         2d5       99%         2
 Wereblood                Tmut           0%         N/A       99%         2
 Confusing Touch          Hex            0%         N/A       100%        3
 Frozen Ramparts          Ice            0%         1d1       100%        3
 Hailstorm                Conj/Ice       0%         3d3       100%        3
 Ignite Poison            Fire/Tmut/Pois 0%         N/A       100%        3
 Inner Flame              Hex/Fire       0%         N/A       100%        3
 Mephitic Cloud           Conj/Pois/Air  0%         N/A       100%        3
 Portal Projectile        Hex/Tloc       0%         N/A       100%        3
 Spider Form              Tmut/Pois      0%         N/A       100%        3
 Stone Arrow              Conj/Erth      0%         3d7       100%        3
 Swiftness                Air            0%         N/A       100%        3
 Volatile Blastmotes      Fire/Tloc      0%         2d10      100%        3
 Airstrike                Air            0%         2d(0-16)  100%        4
 Dispel Undead            Necr           0%         3d6       100%        4
 Flame Wave               Conj/Fire      0%         2d4       100%        4
 Fulminant Prism          Conj/Hex       0%         3d5       100%        4
 Ice Form                 Ice/Tmut       0%         N/A       100%        4
 Iskenderun's Mystic Bla  Conj/Tloc      0%         2d3       100%        4
 Sticky Flame             Conj/Fire      0%         2d3       100%        4
 Alistair's Intoxication  Tmut/Pois      0%         N/A       100%        5
 Blade Hands              Tmut           0%         N/A       100%        5
 Borgnjor's Vile Clutch   Necr/Erth      0%         N/A       100%        5
 Freezing Cloud           Conj/Ice/Air   0%         6-21      100%        5
 Lee's Rapid Deconstruct  Erth           0%         3d4*      100%        5
 Conjure Ball Lightning   Conj/Air       0%         3x3d6     100%        6
 Borgnjor's Revivificati  Necr           0%         N/A       100%        8
 Discord                  Hex            0%         N/A       100%        8
 Disjunction              Tloc           0%         N/A       100%        8
 Necromutation            Tmut/Necr      0%         N/A       100%        8
 Death's Door             Necr           0%         N/A       100%        9
 Summon Small Mammal      Summ           Unusable   N/A       N/A         1
 Call Imp                 Summ           Unusable   N/A       N/A         2
 Tukima's Dance           Hex            Unusable   N/A       N/A         3
 Animate Dead             Necr           Unusable   N/A       N/A         4
 Summon Ice Beast         Ice/Summ       Unusable   N/A       N/A         4
 Death Channel            Necr           Unusable   N/A       N/A         6
 Summon Cactus Giant      Summ           Unusable   N/A       N/A         6

Dungeon Overview and Level Annotations

Branches:
Dungeon (15/15)            Temple (1/1) D:7            Lair (5/5) D:8
 Shoals (4/4) Lair:2        Snake (4/4) Lair:2        Slime (5/5) Lair:5
    Orc (2/2) D:12            Elf (3/3) Orc:2        Vaults (0/5) D:13
 Depths (0/4) D:15        Ossuary (visited)

Altars:
Ashenzari
Dithmenos
Elyvilon
Hepliaklqana
Okawaru
Qazlal
Ru
Sif Muna
Wu Jian
Xom
The Shining One

Shops:
Orc:2 =([*   Shoals:1 (   Shoals:3 ?*[   Snake:4 !*!(

Annotations:
Lair:5 Casa
Shoals:4 Ilsuiw
Snake:2 1 runed translucent door, Peloso's ghost, adept MiFi
Elf:2 3 runed translucent doors


Innate Abilities, Weirdness & Mutations

You have a pair of horns on your head.
You reflexively headbutt those who attack you in melee.
You are very clumsy. (Dex -4)
Armour fits poorly on your strangely shaped body.
Your magical capacity is low. (-10% MP)
You are weak. (Str -2)
Your spells are a little easier to cast, but a little less powerful.
You sometimes lose the ability to read scrolls when taking damage.


Message History

The azure jelly jiggles.
The azure jelly hits you but does no damage.
You block the azure jelly's attack. x4; The azure jelly barely misses you.
You block the azure jelly's attack.
The azure jelly hits you but does no damage. x2
The azure jelly hits you.
* * * LOW HITPOINT WARNING * * *
The azure jelly freezes you! You resist.
* * * LOW HITPOINT WARNING * * *
The azure jelly barely misses you. x2; The acid blob hits you!
* * * LOW HITPOINT WARNING * * *
You are splashed with acid.
You resist.
* * * LOW HITPOINT WARNING * * *
The acid blob hits you.
* * * LOW HITPOINT WARNING * * *
You are splashed with acid.
You resist.
* * * LOW HITPOINT WARNING * * *
Unknown command.
You are too berserk!
Unknown command.
You slice the azure jelly!! You burn the azure jelly!
You headbutt the azure jelly.
The azure jelly is almost dead.
You block the azure jelly's attack. x2
The azure jelly hits you but does no damage.
You block the azure jelly's attack. The golden eye blinks at you.
You resist with almost no effort.
You are too berserk!
Unknown command.
You are too berserk!
Unknown command.
You barely miss the azure jelly. Your headbutt misses the azure jelly.
The azure jelly is almost dead.
You block the azure jelly's attack. x2; The azure jelly barely misses you.
The azure jelly hits you but does no damage.
The azure jelly closely misses you. You block the azure jelly's attack. x2
The azure jelly closely misses you. You block the azure jelly's attack.
The azure jelly hits you!
You die...

#..............
#...............
................
................
................
.........JJG..<...
.........JJGJ.....#
.........JJJ@JJ..#
.........JJJJJ.#.#
..........JJJJ##
...............JJ.###
....................#
...................##
....................#
.....................#
....................##


You could see 4 acid blobs, 7 azure jellies, 4 rockslimes, an eye of
devastation, 6 quicksilver oozes and a golden eye.

Vanquished Creatures
  the Royal Jelly (Slime:5)
  Saint Roka (Orc:2)
  Vashnia (Snake:2)
  A kraken (Shoals:4)
  2 tentacled starspawn (Abyss:2)
  Gastronok (D:8)
  9 acid blobs
  4 nagarajas
  An azure jelly (Slime:3)
  2 rockslimes
  Aizul (Snake:1)
  10 quicksilver oozes
  2 orc warlords
  3 very ugly things (Abyss:2)
  A deep elf annihilator (Elf:1)
  An entropy weaver (shapeshifter) (D:14)
  An ettin (Orc:1)
  5 merfolk impalers
  5 merfolk javelineers
  2 spriggan zombies (D:15)
  11 great orbs of eyes
  4 vault guards (D:13)
  5 hydras
  6 centaur warriors
  3 salamander tyrants
  The ghost of FishyPogo the Martial Artist, a journeyman GnTm of Dithmenos (D:11)
  12 anacondas
  Erica (D:10)
  3 alligator snapping turtles
  9 boulder beetles
  3 merfolk avatars
  8 two-headed ogres
  5 catoblepae
  2 merfolk aquamancers
  3 satyrs
  12 dancing weapons
  15 naga warriors
  5 tengu warriors
  7 death yaks
  18 naga sharpshooters
  An orc high priest (Orc:1)
  Urug (Orc:2)
  7 shock serpents
  2 thrashing horrors (Abyss:2)
  4 salamander mystics
  6 deep elf knights
  Sonja (D:10)
  Amaemon (Lair:2)
  7 skysharks
  2 skeletal warriors (D:15)
  A wretched star (Abyss:2)
  2 goliath frogs (Shoals:3)
  7 sea snakes
  6 naga ritualists
  3 wizards
  A phantasmal warrior (D:15)
  2 deep elf archers
  8 harpies
  Pikel (D:8)
  17 deep elf pyromancers
  A necromancer (D:15)
  19 deep elf zephyrmancers
  4 orc sorcerers
  6 shining eyes
  6 cyclopes
  A fire giant zombie (D:15)
  7 ugly things
  5 orc knights
  16 manticores
  4 fauns (Shoals:3)
  9 mana vipers
  6 guardian serpents (Snake:4)
  2 wolf spiders
  12 salamanders
  17 elephants
  34 black mambas
  4 merfolk sirens
  Joseph (D:8)
  13 naga magi
  A torpor snail (shapeshifter) (D:14)
  A smoke demon (Abyss:2)
  Maggie (D:8)
  3 water nymphs
  An eye of devastation (Slime:5)
  A hellion (Abyss:2)
  11 rime drakes
  An orange demon (Lair:2)
  2 torpor snails
  4 efreet
  14 cane toads
  An unseen horror (D:13)
  A large abomination (Abyss:2)
  8 komodo dragons
  2 freezing wraiths
  2 kobold demonologists (D:13)
  2 tengu conjurers (D:13)
  3 ancient zymes (Abyss:2)
  A queen bee (Lair:2)
  A meliai (shapeshifter) (D:14)
  6 wind drakes
  22 merfolk
  2 hornets
  8 trolls
  A raiju (shapeshifter) (D:14)
  27 blink frogs
  A raiju (Abyss:2)
  9 snapping turtles (Shoals:3)
  5 dream sheep (Lair:4)
  An air elemental (Elf:1)
  A centaur simulacrum (D:15)
  A slime creature (shapeshifter) (D:14)
  52 slime creatures
  6 wraiths
  2 shadows
  13 water elementals
  55 yaks
  2 fire elementals (Elf:2)
  3 vampires
  6 wyverns
  5 golden eyes (Slime:1)
  A human (shapeshifter) (D:13)
  8 basilisks
  A neqoxec (Abyss:2)
  5 vampire mosquitoes
  7 wargs
  3 steam dragons
  Edmund (D:5)
  37 nagas
  A glowing shapeshifter skeleton (D:15)
  18 water moccasins
  An acid dragon (D:13)
  2 floating eyes
  3 sky beasts
  3 ice beasts
  29 orc warriors
  A swamp drake (D:8)
  2 black bears
  14 ogres
  A black bear (shapeshifter) (D:13)
  12 wolves
  A lemure (D:8)
  21 centaurs
  2 phantoms
  4 kobold brigands
  14 bullfrogs
  2 earth elementals (Elf:1)
  2 gnoll sergeants
  7 scorpions
  3 small abominations (Abyss:2)
  5 wights
  26 killer bees
  9 electric eels
  3 vampire bats (Lair:4)
  15 howler monkeys
  2 hounds (D:5)
  A quasit (Abyss:2)
  16 orc priests
  7 jellies
  3 sleepcaps
  An iron imp (Abyss:2)
  Jessica (D:3)
  2 gnoll boudas
  4 iguanas
  30 orc wizards
  4 hell rats
  3 mummies (Ossuary)
  17 gnolls
  8 adders
  5 river rats (Lair:5)
  A shadow imp (D:8)
  3 white imps
  An ufetubus (D:7)
  A worm (D:4)
  3 dart slugs
  88 orcs
  6 endoplasms
  4 giant cockroaches
  10 hobgoblins
  5 quokkas
  4 ball pythons
  11 bats
  2 frilled lizards
  6 goblins
  6 goblin zombies
  4 hobgoblin zombies (Ossuary)
  8 kobolds
  2 kobold zombies (Ossuary)
  A quokka zombie (D:6)
  15 rats
  A lurking horror (Abyss:2)
  A starspawn tentacle (Abyss:2)
  8 tentacles (Shoals:4)
1282 creatures vanquished.

Vanquished Creatures (others)
  A deep elf knight (Elf:1)
  An air elemental (Elf:1)
  A naga (Snake:3)
  An orc wizard (Orc:2)
  An orc (D:14)
  5 starspawn tentacles (Abyss:2)
  16 tentacles (Shoals:4)
26 creatures vanquished.

Grand Total: 1308 creatures vanquished

Notes
Turn   | Place    | Note
-------+----------+-------------------------------------------
     0 | D:1      | Peloso the Minotaur Fighter began the quest for the Orb.
     0 | D:1      | Reached XP level 1. HP: 19/19 MP: 0/0
   168 | D:1      | Reached XP level 2. HP: 27/27 MP: 1/1
   740 | D:1      | Reached skill level 6 in Shields
   740 | D:1      | Reached XP level 3. HP: 38/38 MP: 2/2
   993 | D:2      | Reached XP level 4. HP: 42/45 MP: 3/3
  1915 | D:3      | Reached XP level 5. HP: 49/51 MP: 4/4
  2277 | D:3      | Noticed Jessica
  2288 | D:3      | Killed Jessica
  2397 | D:4      | Reached skill level 7 in Shields
  2397 | D:4      | Reached XP level 6. HP: 58/58 MP: 5/5
  2660 | D:4      | Found a hazy altar of Hepliaklqana.
  2901 | D:4      | Reached skill level 1 in Dodging
  2901 | D:4      | Reached XP level 7. HP: 66/66 MP: 6/6
  3128 | D:5      | Entered Level 5 of the Dungeon
  3135 | D:5      | Noticed Edmund
  3147 | D:5      | Killed Edmund
  3405 | D:5      | Found an ornate altar of the Wu Jian Council.
  3772 | D:5      | Found a stormy altar of Qazlal.
  3779 | D:5      | Reached XP level 8. HP: 67/73 MP: 7/7
  4419 | D:5      | Identified the ring "Moddiu" {Fire Dex+6}
  4636 | D:6      | Reached XP level 9. HP: 65/81 MP: 8/8
  4709 | D:6      | Reached skill level 10 in Long Blades
  4920 | D:6      | Found a sand-covered staircase.
  4936 | Ossuary  | Entered an ossuary
  6028 | D:6      | Found a white marble altar of Elyvilon.
  6082 | D:7      | Found a staircase to the Ecumenical Temple.
  6100 | Temple   | Entered the Ecumenical Temple
  6104 | Temple   | Became a worshipper of Warmaster Okawaru
  6303 | D:7      | Found a broken altar of Ashenzari.
  6345 | D:7      | Reached skill level 8 in Shields
  6813 | D:7      | Noticed a cyclops
  6826 | D:7      | Killed a cyclops
  6826 | D:7      | Reached * piety under Okawaru
  6827 | D:7      | Reached XP level 10. HP: 63/91 MP: 9/9
  7360 | D:8      | Noticed Joseph
  7362 | D:8      | Noticed Maggie
  7370 | D:8      | Killed Joseph
  7371 | D:8      | Reached skill level 10 in Armour
  7385 | D:8      | Killed Maggie
  7385 | D:8      | Reached ** piety under Okawaru
  7544 | D:8      | Noticed Pikel
  7555 | D:8      | Killed Pikel
  7704 | D:8      | Noticed Gastronok
  7728 | D:8      | Killed Gastronok
  7729 | D:8      | Reached skill level 9 in Shields
  8047 | D:8      | Reached *** piety under Okawaru
  8375 | D:8      | Reached XP level 11. HP: 76/99 MP: 10/10
  8783 | D:8      | Received a gift from Okawaru
  8821 | D:8      | Found a staircase to the Lair.
  9166 | D:9      | Reached skill level 10 in Fighting
  9358 | D:9      | Paralysed by a hornet for 3 turns
  9452 | D:9      | Reached **** piety under Okawaru
  9917 | D:10     | Entered Level 10 of the Dungeon
 10118 | D:10     | Noticed Erica
 10132 | D:10     | Killed Erica
 10133 | D:10     | Reached skill level 1 in Stealth
 10380 | D:10     | Noticed Sonja
 10386 | D:10     | Killed Sonja
 10808 | D:10     | Noticed a deep elf pyromancer
 10821 | D:10     | Killed a deep elf pyromancer
 10909 | D:10     | Identified the ring "Qodufut" {rPois rF+++ rC+ Will+ Dex-4}
 10994 | D:10     | Reached ***** piety under Okawaru
 11115 | D:10     | Found a shimmering blue altar of Sif Muna.
 11362 | D:11     | Noticed a boulder beetle
 11539 | D:11     | Killed a boulder beetle
 11708 | D:11     | Reached XP level 12. HP: 42/110 MP: 11/11
 11964 | D:11     | Noticed a two-headed ogre
 11974 | D:11     | Killed a two-headed ogre
 11975 | D:11     | Reached skill level 15 in Long Blades
 12215 | D:11     | Found a transporter.
 12216 | D:11     | Noticed a two-headed ogre
 12216 | D:11     | Noticed FishyPogo's ghost (journeyman GnTm)
 12216 | D:11     | Noticed a two-headed ogre
 12217 | D:11     | Noticed a two-headed ogre
 12217 | D:11     | Noticed a two-headed ogre
 12221 | D:11     | Found a transporter.
 12731 | Lair:1   | Entered Level 1 of the Lair of Beasts
 13273 | Lair:1   | Reached skill level 5 in Dodging
 13839 | Lair:2   | Reached skill level 10 in Shields
 13850 | Lair:2   | Identified the +5 chain mail of the Lost Path {Int+3 Dex+3}
                  | (Okawaru gifted it to you on level 2 of the Lair of Beasts)
 13850 | Lair:2   | Received a gift from Okawaru
 13865 | Lair:2   | Found a staircase to the Snake Pit.
 15165 | Lair:2   | Reached skill level 11 in Shields
 15173 | Lair:2   | Reached XP level 13. HP: 26/119 MP: 9/12
 15549 | Lair:2   | Received a gift from Okawaru
 15762 | Lair:2   | Reached skill level 1 in Invocations
 15879 | Lair:2   | Found a staircase to the Shoals.
 16354 | Lair:2   | Noticed Amaemon
 16363 | Lair:2   | Killed Amaemon
 16364 | Lair:2   | Reached skill level 12 in Shields
 18420 | D:12     | Identified the +6 mace of Darkness {spect, Str+4}
 18582 | D:12     | Found a staircase to the Orcish Mines.
 18894 | D:12     | Reached ****** piety under Okawaru
 19168 | Orc:1    | Entered Level 1 of the Orcish Mines
 19370 | Orc:1    | Paralysed by an orc sorcerer for 4 turns
 19991 | Orc:2    | Entered Level 2 of the Orcish Mines
 19991 | Orc:2    | Noticed an ettin
 20001 | Orc:1    | Killed an ettin
 20053 | Orc:2    | Noticed an orc warlord
 20169 | Orc:1    | Killed an orc warlord
 20506 | Orc:2    | Reached XP level 14. HP: 109/132 MP: 13/13
 20780 | Orc:2    | Noticed Saint Roka
 21674 | Orc:2    | Killed Saint Roka
 21800 | Orc:2    | Found a staircase to the Elven Halls.
 22235 | Orc:2    | Noticed an orc warlord
 22528 | Orc:2    | Killed an orc warlord
 22722 | Orc:2    | Reached skill level 13 in Shields
 22944 | Orc:2    | Identified the +5 mace "Iratz" {flame, rN+ Will+ Int+4}
                  | (Okawaru gifted it to you on level 2 of the Orcish Mines)
 22944 | Orc:2    | Received a gift from Okawaru
 23099 | Orc:2    | Noticed Urug
 23110 | Orc:2    | Killed Urug
 23111 | Orc:2    | Found Caliecrile's Antique Weapon Emporium.
 23117 | Orc:2    | Found Yduy's Jewellery Emporium.
 23159 | Orc:2    | Found Naotiymagh's Antique Armour Emporium.
 23168 | Orc:2    | Bought a pair of shimmering gloves for 370 gold pieces
 23168 | Orc:2    | Identified the +1 pair of gloves of Wesas {Int+4 SInv} (You
                  | bought it in a shop on level 2 of the Orcish Mines)
 23187 | Orc:2    | Found Fearchize's General Store.
 23780 | D:13     | Identified the +11 hand axe "Saufuon" {heavy, Will+ rCorr
                  | Str-3 Dex+3}
 24073 | D:13     | Reached skill level 15 in Fighting
 24603 | D:13     | Found a gate to the Vaults.
 24865 | D:13     | Identified the +2 pair of boots of Valour {Dex+3 SInv}
                  | (Okawaru gifted it to you on level 13 of the Dungeon)
 24865 | D:13     | Received a gift from Okawaru
 24912 | D:13     | Reached skill level 15 in Armour
 26185 | Lair:4   | Reached XP level 15. HP: 126/143 MP: 15/15
 26597 | Lair:4   | Reached skill level 14 in Shields
 26974 | Lair:5   | Entered Level 5 of the Lair of Beasts
 26975 | Lair:5   | Found a staircase to the Slime Pits.
 27372 | Lair:5   | Received a gift from Okawaru
 28596 | Lair:5   | Identified the staff of conjuration "Raaruamiz" {rPois rN+
                  | Int+3 Dex-2}
 31052 | D:15     | Entered Level 15 of the Dungeon
 31070 | D:15     | Received a gift from Okawaru
 31102 | D:15     | Found a staircase to the Depths.
 31156 | D:15     | Reached skill level 15 in Shields
 31843 | D:15     | Found a shadowy altar of Dithmenos.
 32026 | D:15     | Reached XP level 16. HP: 127/155 MP: 15/17
 32337 | D:15     | Paralysed by a floating eye for 3 turns
 32345 | D:15     | Paralysed by a floating eye for 3 turns
 33128 | D:11     | Killed FishyPogo's ghost
 33478 | Snake:1  | Entered Level 1 of the Snake Pit
 33505 | Snake:1  | Received a gift from Okawaru
 33615 | Snake:1  | Reached skill level 1 in Evocations
 34068 | Snake:1  | Noticed Aizul
 34081 | Snake:1  | Killed Aizul
 34616 | Snake:1  | Reached skill level 16 in Shields
 35060 | Elf:1    | Entered Level 1 of the Elven Halls
 35060 | Elf:1    | You fall into a shaft and drop 1 floor!
 35079 | Elf:2    | Found a runed translucent gate.
 35079 | Elf:2    | Found a runed translucent gate.
 35079 | Elf:2    | Found a runed translucent gate.
 35546 | Elf:1    | Identified the +4 sling of the Glowing Visionary
                  | {antimagic, Fly rPois Str+2} (Okawaru gifted it to you on
                  | level 1 of the Elven Halls)
 35546 | Elf:1    | Received a gift from Okawaru
 35639 | Elf:1    | Paralysed by an air elemental for 1 turns
 36275 | Elf:1    | Got Vehumet's Compilation of Injury
 36416 | Elf:1    | Paralysed by an air elemental for 1 turns
 36421 | Elf:1    | Paralysed by an air elemental for 1 turns
 37729 | Elf:2    | Received a gift from Okawaru
 37844 | Elf:2    | Reached skill level 17 in Shields
 38431 | Elf:2    | Reached XP level 17. HP: 149/163 MP: 18/18
 38731 | Elf:3    | Entered Level 3 of the Elven Halls
 39075 | Shoals:1 | Entered Level 1 of the Shoals
 39261 | Shoals:1 | Found Xioss's Weapon Boutique.
 41927 | Snake:2  | Received a gift from Okawaru
 41928 | Snake:2  | Reached skill level 18 in Shields
 42151 | Snake:2  | Found a runed translucent door.
 42151 | Snake:2  | Found a shimmering altar of Xom.
 42151 | Snake:2  | Noticed Peloso's ghost (adept MiFi)
 42151 | Snake:2  | Identified the +4 glaive "Celleeri" {chaos, Drain rPois rF-
                  | Str+8}
 42178 | Snake:2  | Noticed Vashnia
 42425 | Snake:2  | Killed Vashnia
 44041 | Snake:3  | Received a gift from Okawaru
 44277 | Snake:3  | Reached skill level 19 in Shields
 45358 | Snake:4  | Entered Level 4 of the Snake Pit
 45817 | Snake:4  | Found Birysadav's Distillery.
 45817 | Snake:4  | Found Upyem's General Store.
 45818 | Snake:4  | Found Vicufius's Antique Weapon Emporium.
 45820 | Snake:4  | Found Heywuti's Distillery.
 45825 | Snake:4  | Bought a +2 cloak of preservation for 451 gold pieces
 45833 | Snake:4  | Bought a potion of heal wounds for 75 gold pieces
 45833 | Snake:4  | Bought a potion of heal wounds for 75 gold pieces
 46454 | Snake:4  | Reached XP level 18. HP: 118/176 MP: 19/19
 46668 | Snake:4  | Received a gift from Okawaru
 46681 | Snake:4  | Reached skill level 20 in Shields
 48771 | Snake:4  | Got a serpentine rune of Zot
 49439 | Shoals:3 | Received a gift from Okawaru
 49513 | Shoals:3 | Found Ola Umui's Magic Scroll Shoppe.
 49555 | Shoals:3 | Reached skill level 21 in Shields
 49949 | Shoals:3 | Found Coingiac's Assorted Antiques.
 50697 | Shoals:3 | Found Dequud Jicu's Armour Shoppe.
 51336 | Shoals:4 | Entered Level 4 of the Shoals
 53656 | Shoals:4 | Got the Catalogue of Undead Percussion
 54086 | Shoals:4 | Noticed Ilsuiw
 54392 | Abyss:2  | Cast into level 2 of the Abyss (merfolk impaler)
 54398 | Abyss:2  | Found a corrupted altar of Lugonu.
 54587 | Abyss:2  | Reached skill level 22 in Shields
 54612 | Abyss:2  | Gained mutation: You have hidden genetic defects. [a
                  | neqoxec]
 54671 | Abyss:2  | HP: 7/178 [purple very ugly thing (10)]
 54685 | Abyss:2  | Reached XP level 19. HP: 25/184 MP: 16/16
 54687 | Shoals:4 | Escaped the Abyss
 55194 | Slime:1  | Entered Level 1 of the Pits of Slime
 55212 | Slime:1  | Reached XP level 20. HP: 184/193 MP: 16/21
 55984 | Slime:3  | Gained mutation: Your magical capacity is low. (-10% MP)
                  | [hidden defects]
 55986 | Slime:4  | Gained mutation: You occasionally lose the ability to read
                  | scrolls when taking damage. [a shining eye]
 55994 | Slime:4  | Gained mutation: Your spells are a little easier to cast,
                  | but a little less powerful. [a shining eye]
 55996 | Slime:4  | Gained mutation: Armour fits poorly on your strangely
                  | shaped body. [a shining eye]
 56313 | Slime:5  | Entered Level 5 of the Pits of Slime
 56361 | Slime:5  | Gained mutation: You are clumsy. (Dex -2) [a shining eye]
 56380 | Slime:5  | Gained mutation: You sometimes lose the ability to read
                  | scrolls when taking damage. [a shining eye]
 56789 | Slime:5  | Paralysed by a floating eye for 2 turns
 57062 | Slime:5  | Gained mutation: You are weak. (Str -2) [a shining eye]
 57131 | Slime:4  | Reached skill level 23 in Shields
 57146 | Slime:4  | Received a gift from Okawaru
 57174 | Slime:4  | Gained mutation: You are very clumsy. (Dex -4) [hidden
                  | defects]
 57174 | Slime:4  | Lost mutation: You have hidden genetic defects. [hidden
                  | defects expressed]
 57481 | Slime:5  | Noticed the Royal Jelly
 57507 | Slime:5  | Killed the Royal Jelly
 57509 | Slime:5  | HP: 12/292 [acid blob[the Royal Jelly] (14)]
 57509 | Slime:5  | HP: 5/292 [acid blob[the Royal Jelly] (4)]
 57509 | Slime:5  | HP: 1/292 [acid[the Royal Jelly] (4)]
 57511 | Slime:5  | Mangled by an azure jelly

Illustrated notes

Levels and vault maps discovered:
D:1:      dpeg_arrival_prison, layout_basic, serial_forest,
          infiniplex_forest_lined_4_way, infiniplex_forest_end_3,
          infiniplex_forest_end_1, infiniplex_forest_lined_3,
          infiniplex_forest_straight_5, infiniplex_forest_end_3, hex_medium
D:2:      layout_loops_ring, grunt_ministairs_14
D:3:      layout_basic, grunt_ministairs_13, minmay_three_crescents,
          uniq_jessica
D:4:      layout_cave_pools, nicolae_hepliaklqana_hazy_memory
D:5:      minmay_octagon_keep, layout_gridville,
          mainiacjoe_overflow_cross_hatched, nicolae_qazlal_beasts_of_the_sky,
          uniq_edmund
D:6:      layout_basic, nicolae_elyvilon_temple_path, enter_ossuary_4
D:7:      minmay_opposing_rooms, layout_cave_pools, evilmike_ruin_ashenzari,
          minmay_temple_entry_grid
D:8:      minmay_bubble_buster, layout_basic, erik_lair_dragon,
          nicolae_concentric_dashed_squares_mild, uniq_joseph, uniq_pikel,
          uniq_maggie, uniq_gastronok
D:9:      layout_stronghold, kennysheep_generic_room_10
D:10:     layout_roguey, lemuel_blue_sif_altar, uniq_erica, uniq_sonja
D:11:     layout_small_grid, gammafunk_ghost_smash,
          minmay_misc_feat_secret_circle
D:12:     layout_loops_ring, minmay_orc_entry_guard_dogs,
          nicolae_straight_to_the_point
D:13:     hangedman_cross_veins, layout_basic, lightli_vaults_fourway_checkpoint
D:14:     layout_roguey, serial_bayou, serial_bayou_lake_a,
          serial_bayou_shore_b, serial_bayou_shore_a, serial_bayou_lagoon_a
D:15:     gammafunk_depths_entry_grave, layout_basic, grunt_dithmenos_shadows,
          onia_ninara_cookie
Temple:   kb_temple_of_zot
Lair:1:   layout_small_grid, beast_lair_carwin_6
Lair:2:   layout_small_grid, minmay_shoals_entry_centaurs,
          minmay_snake_entry_six_corridors, special_room [special_room_bee],
          nzn_random_ring, serial_bayou_shore_b, uniq_amaemon
Lair:3:   layout_cave_pods, serial_bayou_pond_c, grunt_megastairs_4,
          infiniplex_staircase_pool, lemuel_fruit_fields
Lair:4:   layout_cave_pods, roderic_batcave
Lair:5:   evilmike_catoblepas_cave, layout_cave_shapes, slime_entry_1,
          kennysheep_abandoned_house
Shoals:1: layout_shoals, serial_shops, shop
Shoals:2: layout_shoals, nicolae_shoals_drake_roost
Shoals:3: nzn_motion_control, layout_shoals, serial_shops, shop,
          nicolae_take_the_stairs, shop, nicolae_shoals_goliath_grotto
Shoals:4: shoals_end_hangedman, layout_shoals, shoals_ilsuiw_alternative,
          nicolae_shop_vocational
Snake:1:  layout_onion_interference, grunt_megastairs_2, uniq_aizul
Snake:2:  layout_rooms, ebering_ghost_xom, uniq_vashnia
Snake:3:  layout_cave_town, grunt_ministairs_14, nicolae_snake_gridmaze_spiral
Snake:4:  grunt_snake_rune_serpentine_throne, layout_cave_town, library_closet,
          minmay_shoptagon, serial_bayou_shore_b
Slime:1:  layout_caves, nicolae_slime_getting_an_eyeful
Slime:2:  layout_caves
Slime:3:  layout_caves, basic_altar
Slime:4:  layout_caves, nicolae_slime_welcoming_committee
Slime:5
Orc:1:    layout_diamond_mine
Orc:2:    grunt_orc_cross, layout_caves, basic_altar
Elf:1:    eino_elf_arrival_shootout, layout_loops_corners,
          minmay_elf_annihilation
Elf:2:    nicolae_elf_blades_crystal_corner, layout_geoelf_diagonals
Elf:3:    minmay_elf_hall_four_x, layout_onion_city, serial_shops, shop, shop,
          shop, shop, shop, grunt_ministairs_10, moated_statue

Skill      XL: |  1  2  3  4  5  6  7  8  9 10 11 12 13 14 15 16 17 18 19 20 |
---------------+-------------------------------------------------------------+-----
Armour         | 6 7 8 9 10 11 12 14 15 16 17 18 | 18.8
Fighting       | 6 7 8 9 11 12 14 15 17 18 19 20 | 20.6
Long Blades    | 6 7 8 9 11 13 14 15 16 17 18 19 20 21 | 21.4
Shields        | 6 7 8 9 11 12 13 15 17 19 22 23 | 23.3
Dodging        | 1 2 4 6 7 8 9 |  9.6
Stealth        | 1 2 3 |  3.5
Invocations    | 1 2 3 |  3.9
Evocations     | 1 |  1.0

Action                     |  1- 3 |  4- 6 |  7- 9 | 10-12 | 13-15 | 16-18 | 19-21 || total
---------------------------+-------+-------+-------+-------+-------+-------+-------++-------
  Melee: Long sword        |    54 |   157 |       |       |       |       |       ||   211
         Headbutt          |     5 |    29 |    51 |   147 |   452 |   618 |   189 ||  1491
         Scimitar          |       |     5 |   281 |   677 |  1626 |  2211 |   500 ||  5300
 Invoke: Heroism           |       |       |       |     5 |    26 |    35 |       ||    66
  Evoke: Wand              |       |       |       |     3 |     3 |     5 |       ||    11
    Use: Potion            |     3 |       |     1 |     3 |     4 |    16 |     4 ||    31
         Scroll            |     2 |     3 |    12 |     6 |     4 |    16 |     1 ||    44
   Stab: Distracted        |       |       |       |     1 |       |       |       ||     1
 Armour: Scale mail        |    32 |    47 |       |       |       |       |       ||    79
         Chain mail        |       |    27 |    80 |   108 |   733 |    76 |       ||  1024
         Plate armour      |       |       |    55 |    56 |       |   715 |   218 ||  1044
         Swamp dragon scal |       |       |       |    98 |       |       |       ||    98
         Skin              |       |       |       |     1 |       |       |       ||     1
  Dodge: Dodged            |    24 |    64 |    91 |   286 |   692 |   571 |   107 ||  1835
  Block: Buckler           |    13 |    42 |    66 |   188 |   447 |       |       ||   756
         Kite shield       |       |       |       |       |    86 |   167 |       ||   253
         Tower shield      |       |       |       |       |       |  2190 |   498 ||  2688
